AoeStats
← tom

Arabian Desert

510131799Analyzed
1v1 RM · 2d ago on Sep 29, 2026· 48m 35s· 2 players
Game mode
Random Map
Map size
Tiny (2 player)
Population
200
Speed
Normal
Resources
Standard
Victory
Conquest
Starting age
Dark Age
Ending age
Imperial Age
RankedLock teamsTeams togetherTeam positionsShared explorationLock speedFull tech treeHidden civsTurbo modeCheats
Victory
Defeat
🇧🇪 Bulgarians · Belgium
905
+15
🇬🇧 Lithuanians · United Kingdom
883
-15
ANUARCHEMO233
2:54 Loom
17:56 Feudal Age
23:47 Castle Age
22:23 Fletching
30:57 Bodkin Arrow
tom
8:42 Loom
13:10 Feudal Age
20:09 Forging
21:21 Double-Bit Axe
24:39 Castle Age
23:54 Horse Collar
25:11 Bloodlines
40:41 Gold Mining
41:48 Pikeman
43:34 Husbandry
48:29 Imperial Age
Connection lost

Rejoining the realm…

Still unreachable

The connection could not be restored.

Session expired

The server has moved on; the page needs a fresh start.